 Dungeon Crawl Stone Soup version 0.27.0-1-g7a089689b8 (webtiles) character file.

Game seed: 106719923918446803

52 Sobieck the Ruffian (level 3, 31/31 HPs)
             Began as a Ghoul Berserker on Aug 4, 2021.
             Was a Believer of Trog.
             Safely got out of the dungeon.
             The game lasted 00:03:22 (1176 turns).

Sobieck the Ruffian (Ghoul Berserker)               Turns: 1176, Time: 00:03:22

Health: 31/31      AC: 11    Str: 20    XL:     3   Next: 85%
Magic:  2/2        EV:  6    Int:  3    God:    Trog [**....]
Gold:   68         SH:  0    Dex:  8    Spells: 2/2 levels left

rFire    . . .     SeeInvis .     - Unarmed
rCold    + . .     Faith    .   (no shield)
rNeg     + + +     Spirit   .   m - +0 plate armour
rPois    ∞         Reflect  .   (no helmet)
rElec    .         Harm     .   c - +0 cloak
rCorr    .         Rampage  .   (no gloves)
Will     .....                  (no boots)
Stlth    ..........             (no amulet)
HPRegen  0.10/turn              (no ring)
MPRegen  0.08/turn              (no ring)

@: no status effects
A: claws 1, cold resistance 1, negative energy resistance 3, inhibited
regeneration, torment resistance 2
a: Renounce Religion, Trog's Hand


You escaped.
You worshipped Trog.
Trog was pleased with you.
You visited 1 branch of the dungeon, and saw 2 of its levels.

You collected 68 gold pieces.


Innate Abilities, Weirdness & Mutations

You thrive by killing the living.
You are immune to poison.
You have sharp fingernails.
Your flesh is cold resistant. (rC+)
You are immune to negative energy. (rN+++)
You do not regenerate when monsters are visible.
You are immune to unholy pain and torment.


   Skills:
 - Level 3.2 Fighting
 - Level 1.7 Armour
 - Level 1.7 Dodging
 * Level 5.1 Unarmed Combat


You had 2 spell levels left.
You didn't know any spells.
Your spell library was empty.

Inventory:

Hand Weapons
 b - a +0 hunting sling {sling}
   (You found it on level 1 of the Dungeon)
Missiles
 g - 10 arrows
 h - 28 stones (quivered) {throwing}
 l - 9 poisoned darts {throwing}
Armour
 a - a +0 animal skin
 c - a +0 cloak (worn)
   (You found it on level 1 of the Dungeon)
 k - a +0 kite shield
   (You found it on level 2 of the Dungeon)
 m - a +0 plate armour (worn)
   (You found it on level 2 of the Dungeon)
Jewellery
 e - an amulet of faith {!P}
   (You found it on level 1 of the Dungeon)
Scrolls
 d - a scroll of teleportation {unknown}
 i - a scroll of enchant weapon {unknown}
 j - a scroll of fog {unknown}
 n - a scroll of identify {unknown}
Potions
 f - 2 potions of haste {unknown}
 o - a potion of curing {unknown}

Dungeon Overview and Level Annotations

Branches:
Dungeon (2/15)

Altars:

.#...#.#..............##
##...#.................#
##...##............#####
....###...............#
..#.# #......#.....#..#
.##.# #.....##8###8##.#
.##.# #......#........#
....# #......#.....#..##
#...###......#..@..#...#
#.#..........#.....#...#
#.####.............#...#
..# ##.....##8###8##..#
..### #......#.....#...#
....###................###
...............##..#.....#
.....###..##...##.###....#
....## ##.##.#.....##....#


There were no monsters in sight!


Message History

You shoot a stone {throwing}.
The stone {throwing} closely misses the kobold.
You shoot a stone {throwing}.
The stone {throwing} barely misses the kobold.
You shoot a stone {throwing}. The stone {throwing} hits the kobold.
You shoot a stone {throwing}. The stone {throwing} hits the kobold.
You kill the kobold!
Trog accepts your kill.
No target in view!
h - 25 stones {throwing} (gained 1)
Things that are here:
a +0 whip {mace}; a kobold corpse
h - 26 stones {throwing} (gained 1)
h - 27 stones {throwing} (gained 1)
h - 28 stones {throwing} (gained 1)
n - a scroll labelled YHOQUU ZICVO Unknown command.
A goblin comes into view. It is wielding a +0 dagger.
The goblin shouts!
Danger!
You are now empty-clawed.
The goblin hits you but does no damage.
You barely miss the goblin. You claw the goblin!
You kill the goblin!
Trog accepts your kill.
No target in view!
b - a +0 hunting sling (weapon)
{sling} You see here a +0 dagger {short}.
You now have 68 gold pieces (gained 14).
A jackal comes into view.
The jackal barks!
A jackal comes into view.
Danger!
You shoot a stone {throwing}.
The stone {throwing} closely misses the jackal.
The jackal barks!
You hear a bark!
A jackal comes into view.
You shoot a stone {throwing}. The stone {throwing} hits the jackal.
A jackal comes into view.
You are now empty-clawed.
The jackal barks!
You closely miss the jackal. The jackal barely misses you.
You claw the jackal!
You kill the jackal!
Trog accepts your kill.
You can now call upon Trog for regeneration and willpower.
The jackal bites you but does no damage.
Okay, then.
You closely miss the jackal. The jackal bites you.
Unknown command.
Okay, then.
You closely miss the jackal.
The jackal bites you but does no damage.
The jackal barely misses you.
You barely miss the jackal.
The jackal bites you but does no damage. x3
The jackal bites you. x2
You are too injured to fight recklessly!
You are too injured to fight recklessly!
You are too injured to fight recklessly!
Unknown command.
You claw the jackal!
You kill the jackal!
Trog accepts your kill.
The jackal bites you but does no damage. x2
The jackal bites you but does no damage.
The jackal bites you.
You see here a jackal corpse.
You scratch the jackal.
The jackal bites you but does no damage. x3
You claw the jackal!
You kill the jackal!
Trog accepts your kill.
You feel better.
The jackal bites you but does no damage.
The jackal bites you but does no damage.
You see here a jackal corpse.
You closely miss the jackal.
The jackal bites you but does no damage. x2
You scratch the jackal.
The jackal bites you but does no damage.
You scratch the jackal.
You kill the jackal!
Trog accepts your kill.
You feel better.
You see here a jackal corpse.
o - a white potion
h - 27 stones {throwing} (gained 1)
h - 28 stones {throwing} (gained 1)
(D) Dungeon
Where to? (Enter - D:2, ? - help)
What level of the Dungeon? (default 1, ? - help)
There is a stone staircase leading up here.
You climb upwards.
There is a stone staircase leading down here.
Unknown command.
There is a staircase leading out of the dungeon here.
Unknown command.
Are you sure you want to leave the Dungeon?
This will make you lose the game!
You have escaped!

Skill      XL: |  1  2  3 |
---------------+----------+-----
Unarmed Combat | 4 5 |  5.1
Fighting       | |  3.2
Armour         | |  1.7
Dodging        | |  1.7

Action                   || total
-------------------------++-------
Melee: Unarmed           ||    64
 Fire: Hunting sling     ||    20
Armor: Animal skin       ||     6
       Plate armour      ||    26
Dodge: Dodged            ||    35

Levels and vault maps discovered:
D:1:      scummos_arrival_simple_crosswalls, layout_rooms,
          ebering_ecumenical_altar_petrified, supply_closet_lemuel
D:2:      layout_loops_ring

Notes
Turn   | Place    | Note
-------+----------+-------------------------------------------
     0 | D:1      | Sobieck the Ghoul Berserker began the quest for the Orb.
     0 | D:1      | Reached XP level 1. HP: 19/19 MP: 0/0
   156 | D:1      | Reached XP level 2. HP: 18/26 MP: 1/1
   160 | D:1      | Reached skill level 4 in Unarmed Combat
   435 | D:1      | Found a faded altar of an unknown god.
   773 | D:2      | Reached XP level 3. HP: 31/31 MP: 2/2
   899 | D:2      | Reached skill level 5 in Unarmed Combat
  1092 | D:2      | Reached ** piety under Trog
  1176 | D:$      | Safely got out of the dungeon.

Vanquished Creatures
  2 adders (D:2)
  4 ball pythons
  2 bats (D:1)
  2 endoplasms (D:1)
  2 giant cockroaches (D:1)
  2 goblins
  5 hobgoblins
  4 jackals (D:2)
  2 frilled lizards
  3 kobolds
  3 rats (D:1)
31 creatures vanquished.

Table legend:
 A = Non-vault XP
 B = Vault XP
 C = Vault XP percentage of total XP
 D = Non-vault monster count
 E = Vault monster count
 F = Vault count percentage of total count
                 A         B        C        D         E       F
            +---------+---------+-------+---------+---------+-------
      Total |      75 |       0 |   0.0 |      31 |       0 |   0.0
            +---------+---------+-------+---------+---------+-------
        D:1 |      29 |       0 |   0.0 |      18 |       0 |   0.0
        D:2 |      46 |       0 |   0.0 |      13 |       0 |   0.0
            +---------+---------+-------+---------+---------+-------

Illustrated notes

Table legend:
 A = Kills in this place as a percentage of kills in entire the game.
 B = Kills by you in this place as a percentage of kills by you in the entire game.
 C = Kills by friends in this place as a percentage of kills by friends in the entire game.
 D = Other kills in this place as a percentage of other kills in the entire game.
 E = Experience gained in this place as a percentage of experience gained in the entire game.
 F = Experience gained in this place divided by the number of levels of this place that you have seen.
                   A       B       C       D       E      F
               +-------+-------+-------+-------+-------+----------------------
         Total | 100.0 | 100.0 |   N/A |   N/A | 100.0 |  37.5
       Dungeon | 100.0 | 100.0 |   N/A |   N/A | 100.0 |  37.5
               +-------+-------+-------+-------+-------+----------------------

Table legend: (Time is in decaauts)
 A = Elapsed time spent in this place.
 B = Non-inter-level travel time spent in this place.
 C = Inter-level travel time spent in this place.
 D = Time resting spent in this place.
 E = Time spent auto-exploring this place.
 F = Levels seen in this place.
 G = Mean time per level.
                   A        B        C        D        E       F      G
               +--------+--------+--------+--------+--------+-----+--------+
         Total |   1166 |   1066 |    100 |     67 |    786 |   2 |  583.0 |
       Dungeon |   1166 |   1066 |    100 |     67 |    786 |   2 |  583.0 |
               +--------+--------+--------+--------+--------+-----+--------+

Top non-repeatable levels by time:
     D:1: 686 daAuts
     D:2: 479 daAuts
